 Dungeon Crawl Stone Soup version 0.26.1-2-gb8aa6d0 (webtiles) character file.

Game seed: 4404231966367375378

152355 AmazingTV the Peltast (level 16, 0/147 HPs)
             Began as a Minotaur Berserker on June 7, 2021.
             Was a High Priest of Trog.
             Slain by a seven-headed hydra (5 damage)
             ... on level 5 of the Lair of Beasts on June 8, 2021.
             The game lasted 05:41:25 (26247 turns).

AmazingTV the Peltast (Minotaur Berserker)         Turns: 26247, Time: 05:41:26

Health: 0/147      AC: 30    Str: 28    XL:     16   Next: 73%
Magic:  15/15      EV: 13    Int: 10    God:    Trog [*****.]
Gold:   318        SH: 21    Dex: 17    Spells: 15/15 levels left

rFire    . . .     SeeInvis .   O - +4 broad axe (flame)
rCold    . . .     Faith    .   C - +1 kite shield {AC+3}
rNeg     + + .     Spirit   .   r - +1 chain mail of the Eagle {rN++ Will- Dex+4 Stlth+}
rPois    .         Reflect  +   e - +2 hat {Will+}
rElec    .         Harm     .   q - +1 cloak
rCorr    .         Rampage  .   y - +0 pair of gloves
Will     +....                  U - +1 pair of boots
Stlth    ..........             B - amulet of reflection
HPRegen  0.34/turn              X - +4 ring of protection
MPRegen  0.14/turn              w - ring of Touth {+Fly Str+5 Int+3}

@: lethally poisoned (0 -> -2), about to teleport, berserk cooldown, slowed,
very slow
A: retaliatory headbutt, horns 2, screaming 1, evolution 1
}: 1/15 runes: serpentine
a: Renounce Religion, Evoke Flight, Berserk, Trog's Hand, Brothers in Arms


You were on level 5 of the Lair of Beasts.
You worshipped Trog.
Trog was extremely pleased with you.
You visited 3 branches of the dungeon, and saw 23 of its levels.
You also visited: Bailey and Ice Cave.

You collected 1890 gold pieces.
You spent 1572 gold pieces at shops.

Inventory:

Hand Weapons
 a - the +10 broad axe "Syfetzan" {freeze, rElec rPois rC+++ Will-}
   (You took it off an orc warrior on level 6 of the Dungeon)

   It has been specially enchanted to freeze those struck by it, causing extra
   injury to most foes and up to half again as much damage against particularly
   susceptible opponents.
   It can also slow down cold-blooded creatures.
   It renders you almost immune to cold.
   It insulates you from electricity.
   It protects you from poison.
   It affects your willpower, your defense against some magical effects.
 b - a +0 arbalest
 i - a +0 mace of holy wrath
 j - the +5 mace of Gallantry {vorpal, Will+}
   (You found it on level 4 of the Dungeon)

   It inflicts extra damage upon your enemies.
   It affects your willpower, your defense against some magical effects.
 v - a +1 trident of venom
 A - a +4 morningstar of protection
 D - a +5 glaive of venom
 E - a +4 mace
 M - a +1 antimagic halberd
 O - a +4 broad axe of flaming (weapon)
 Z - a +3 longbow of flaming
Missiles
 d - 168 bolts
 f - 42 sling bullets
 k - 464 stones
 l - 844 arrows
 p - 17 atropa-tipped darts
 J - 72 poisoned darts (quivered)
 Y - 9 silver javelins
Armour
 e - a +2 hat of willpower (worn)
 q - a +1 cloak (worn)
 r - the +1 chain mail of the Eagle (worn) {rN++ Will- Dex+4 Stlth+}
   (You took it off an orc warrior on level 6 of the Dungeon)

   It affects your dexterity (+4).
   It greatly protects you from negative energy.
   It affects your willpower, your defense against some magical effects.
   It makes you more stealthy.
 y - a +0 pair of gloves (worn)
 C - a +1 kite shield of protection (worn)
 L - a +3 kite shield of cold resistance
 U - a +1 pair of boots (worn)
Jewellery
 u - an uncursed ring of protection from fire
 w - the ring of Touth (right hand) {+Fly Str+5 Int+3}
   (You bought it in a shop on level 1 of the Snake Pit)

   [ring of flight]

   It affects your strength (+5).
   It affects your intelligence (+3).
   It lets you fly.
 B - an amulet of reflection (around neck)
 K - an uncursed ring of protection from cold
 V - an uncursed ring of poison resistance
 X - a +4 ring of protection (left hand)
Wands
 x - a wand of acid (8)
 G - a wand of disintegration (13)
 R - a wand of digging (8)
 T - a wand of iceblast (16)
Scrolls
 c - 5 scrolls of magic mapping
 h - 17 scrolls of identify
 m - 6 scrolls of enchant armour
 o - 6 scrolls of fog
 F - 12 scrolls of teleportation
 H - 2 scrolls of holy word
 P - 4 scrolls of blinking
 Q - 11 scrolls of remove curse
 W - 3 scrolls of enchant weapon
Potions
 g - 10 potions of curing
 n - 4 potions of invisibility
 s - 3 potions of heal wounds
 z - 6 potions of might
 I - 2 potions of resistance
 N - 6 potions of mutation
 S - a potion of haste
Miscellaneous
 t - a phantom mirror


   Skills:
 + Level 14.5 Fighting
 + Level 13.4(15.5) Axes
 + Level 12.3(14.6) Maces & Flails
 + Level 6.1(10.7) Polearms
 - Level 6.4(7.8) Slings
 - Level 8.8 Crossbows
 - Level 6.0(7.2) Throwing
 + Level 14.2 Armour
 + Level 5.7 Dodging
 - Level 15.4 Shields
 - Level 5.3 Evocations


You had 15 spell levels left.
You didn't know any spells.
Your spell library contained the following spells:

 Spells                   Type           Power        Failure   Level
 Foxfire                  Conj/Fire      0%           80%         1
 Magic Dart               Conj           0%           80%         1
 Blink                    Tloc           N/A          90%         2
 Call Imp                 Summ           0%           90%         2
 Slow                     Hex            0%           90%         2
 Conjure Flame            Conj/Fire      0%           99%         3
 Inner Flame              Hex/Fire       0%           99%         3
 Mephitic Cloud           Conj/Pois/Air  0%           99%         3
 Animate Dead             Necr           0%           100%        4
 Sticky Flame             Conj/Fire      0%           100%        4
 Borgnjor's Vile Clutch   Necr/Erth      0%           100%        5
 Fireball                 Conj/Fire      0%           100%        5
 Irradiate                Conj/Tmut      0%           100%        5
 Death Channel            Necr           0%           100%        6
 Hydra Form               Tmut           0%           100%        6
 Simulacrum               Ice/Necr       0%           100%        6
 Statue Form              Tmut/Erth      0%           100%        6
 Dragon Form              Tmut           0%           100%        7


Dungeon Overview and Level Annotations

Branches:
Dungeon (13/15)            Temple (0/1) D:4            Lair (6/6) D:10
  Swamp (0/4) Lair:2        Snake (4/4) Lair:4          Orc (0/2) D:11
 Vaults (0/5) D:13         Bailey (visited)           IceCv (visited)
  Slime: Lair:5-6

Altars:
Ashenzari
Cheibriados
Dithmenos
Fedhas
Makhleb
Okawaru
Qazlal
Ru
Sif Muna
Trog
Vehumet
Wu Jian
Zin
The Shining One
Beogh

Shops:
D:5 =?}!*   D:8 *   Snake:1 [=}=?   Snake:2 *:[   Snake:3 :[?!

Annotations:
D:5 RingShop
D:7 2 transporters, vykuza's ghost, novice GrHu
D:8 2 transporters, nimbus123's ghost, novice DDHu
D:13 Vaults LowLeft
Lair:2 Swamp TopLeft
Lair:3 3 runed translucent doors, Qelex's ghost, journeyman HuHu
Snake:2 Roxanne


Innate Abilities, Weirdness & Mutations

You reflexively headbutt those who attack you in melee.
You have a pair of horns on your head.
You occasionally shout uncontrollably at your foes.
You evolve.


Message History

The polar bear claws you but does no damage.
The water moccasin bites you.
* * * LOW HITPOINT WARNING * * *
You are poisoned.
The water moccasin poisons you! The komodo dragon closely misses you.
The dream sheep bites you but does no damage.
You block the dream sheep's attack.
As you read the scroll of teleportation, it crumbles to dust.
You feel strangely unstable.
You feel sick. The water moccasin barely misses you.
You block the polar bear's attack. The polar bear closely misses you.
You block the polar bear's attack. The seven-headed hydra bites you!
* * * LOW HITPOINT WARNING * * *
You block the seven-headed hydra's attack.
The seven-headed hydra bites you!
* * * LOW HITPOINT WARNING * * *
The seven-headed hydra misses you. The seven-headed hydra bites you!
* * * LOW HITPOINT WARNING * * *
The seven-headed hydra bites you.
You die...

#P....P#P.###.......##..##...#.
###...P##.+.......##....#.......
#.#.............................
#..............................
##.............................
#.............................
#...####.#.......###..###.....
#..<# #...##.Y§..##...P##...P.
#...# ######l@D.P#....##..PP.#
#....###.. #.YSh..#....#.#..P.#
#.....#...###.....#.........P#.
##....#................#.P...##
#................P###...##..P##
##...###..##.....P.....P##..P##
#....#####.#...............##
##...#.#.#...................##
#..............................


You could see a seven-headed hydra, a polar bear, a komodo dragon, a water
moccasin and 2 dream sheep.

Vanquished Creatures
  Asterion (Snake:2)
  6 nagarajas
  A frost giant (IceCv)
  Nessos (Lair:4)
  Snorg (Lair:4)
  5 hydras
  15 naga warriors
  6 anacondas
  2 dancing weapons (D:13)
  3 two-headed ogres
  3 death yaks (D:10)
  18 naga sharpshooters
  Nergalle (Lair:2)
  A shock serpent (Snake:2)
  A fire crab (shapeshifter) (D:13)
  A salamander mystic (Snake:4)
  An unseen horror (D:13)
  3 naga ritualists
  A sea snake (Lair:6)
  Pikel (D:7)
  2 orc knights (Bailey)
  2 cyclopes (D:11)
  3 ugly things
  5 mana vipers
  The ghost of Geeful the Covert, a novice OpDe of Sif Muna (D:6)
  A will-o-the-wisp (Lair:2)
  4 salamanders
  2 manticores
  10 elephants
  A guardian serpent (Snake:1)
  Maurice (D:8)
  An ice statue (IceCv)
  22 black mambas
  17 naga magi
  Psyche (D:8)
  Maggie (Lair:2)
  5 cane toads
  7 rime drakes
  9 komodo dragons
  A troll (shapeshifter) (D:13)
  20 polar bears
  5 trolls
  22 blink frogs
  2 dream sheep (Lair:6)
  Sigmund (D:6)
  2 vampires (D:13)
  2 wraiths
  7 wyverns
  50 yaks
  A human (D:11)
  3 basilisks
  2 wargs (D:11)
  Menkaure (D:4)
  10 water moccasins
  65 nagas
  A soldier ant (D:13)
  An ice beast (D:10)
  2 sky beasts (D:8)
  8 orc warriors
  4 black bears
  A phantom (D:13)
  6 ogres
  16 wolves
  2 necrophages
  19 centaurs
  The ghost of malesh the Cudgeller, an amateur GrGl (D:3)
  Blork the orc (D:4)
  14 bullfrogs
  A big kobold (D:11)
  A scorpion (D:5)
  12 killer bees
  2 howler monkeys
  5 wights
  3 centaur zombies
  3 bullfrog zombies
  7 bullfrog skeletons
  3 jellies
  9 orc priests
  4 centaur skeletons
  6 hounds
  Crazy Yiuf (D:4)
  3 iguanas
  14 orc wizards
  14 worker ants
  A statue (D:4)
  A hound skeleton (D:9)
  4 gnolls (D:8)
  2 worker ant zombies
  13 adders
  2 river rats
  2 shadow imps
  5 white imps
  3 ufetubi
  An ooze (D:2)
  An adder zombie (D:8)
  An adder skeleton (D:8)
  2 worms (D:3)
  3 dart slugs
  6 leopard geckos
  59 orcs
  A ball python (D:3)
  5 giant cockroaches
  8 goblins
  5 hobgoblins
  10 jackals
  4 quokkas
  4 bats
  6 frilled lizards
  22 kobolds
  2 leopard gecko skeletons
  A quokka skeleton (D:4)
  7 rats
706 creatures vanquished.

Vanquished Creatures (collateral kills)
  An orc warrior (D:6)
  4 orcs (D:6)
5 creatures vanquished.

Vanquished Creatures (others)
  A nagaraja (Snake:4)
  A cyclops (D:12)
  An adder (D:9)
  12 foxfires (Lair:2)
  16 fungi
  24 plants
55 creatures vanquished.

Grand Total: 766 creatures vanquished

Notes
Turn   | Place    | Note
-------+----------+-------------------------------------------
     0 | D:1      | AmazingTV the Minotaur Berserker began the quest for the
                  | Orb.
     0 | D:1      | Reached XP level 1. HP: 19/19 MP: 0/0
   155 | D:1      | Reached XP level 2. HP: 26/27 MP: 1/1
  1379 | D:2      | Reached XP level 3. HP: 32/33 MP: 2/2
  1666 | D:2      | Reached ** piety under Trog
  1885 | D:2      | Found a shimmering blue altar of Sif Muna.
  1993 | D:2      | Found a glowing golden altar of the Shining One.
  1995 | D:2      | Found a blossoming altar of Fedhas.
  2248 | D:3      | Reached XP level 4. HP: 35/41 MP: 3/3
  2565 | D:3      | Reached skill level 1 in Slings
  2698 | D:3      | Found a runed translucent door.
  2699 | D:3      | Noticed malesh's ghost (amateur GrGl)
  2878 | D:3      | Found a shimmering blue altar of Sif Muna.
  3008 | D:3      | Found a runed translucent door.
  3060 | D:3      | Reached skill level 5 in Maces & Flails
  3068 | D:3      | Killed malesh's ghost
  3069 | D:3      | Reached XP level 5. HP: 47/47 MP: 4/4
  3166 | D:4      | Found a staircase to the Ecumenical Temple.
  3197 | D:4      | Reached skill level 5 in Fighting
  3262 | D:4      | Reached XP level 6. HP: 56/56 MP: 5/5
  3406 | D:4      | Noticed Blork the orc
  3415 | D:4      | Killed Blork the orc
  3487 | D:4      | Got a translucent mace
  3516 | D:4      | Found a radiant altar of Vehumet.
  3630 | D:4      | Noticed Menkaure
  3643 | D:4      | Killed Menkaure
  3644 | D:4      | Reached skill level 1 in Throwing
  3644 | D:4      | Reached XP level 7. HP: 42/61 MP: 6/6
  3761 | D:4      | Found a runed translucent door.
  3762 | D:4      | Noticed Crazy Yiuf
  3767 | D:4      | Killed Crazy Yiuf
  3816 | D:5      | Entered Level 5 of the Dungeon
  3854 | D:5      | Found Jiloh's Gadget Shoppe.
  3891 | D:5      | Found Kegioteh's Magic Scroll Emporium.
  3908 | D:5      | Bought a scroll of identify for 28 gold pieces
  3908 | D:5      | Bought a scroll of teleportation for 42 gold pieces
  3908 | D:5      | Bought a scroll of identify for 28 gold pieces
  3908 | D:5      | Bought a scroll of identify for 28 gold pieces
  3908 | D:5      | Bought a scroll of remove curse for 42 gold pieces
  3922 | D:5      | Identified the +5 mace of Gallantry {vorpal, Will+} (You
                  | found it on level 4 of the Dungeon)
  3945 | D:5      | Found Ciamomat's Jewellery Boutique.
  4073 | D:5      | Reached *** piety under Trog
  4459 | D:5      | Found Dehiuze's Assorted Antiques.
  4468 | D:5      | Found Kerph's Distillery.
  4481 | D:5      | Bought a potion of heal wounds for 65 gold pieces
  4586 | D:5      | Reached skill level 5 in Armour
  4829 | D:6      | Found an iron altar of Okawaru.
  4864 | D:6      | Found a snail-covered altar of Cheibriados.
  4867 | D:6      | Found an ornate altar of the Wu Jian Council.
  4870 | D:6      | Found a burning altar of Makhleb.
  4945 | D:6      | Found a runed translucent gate.
  4945 | D:6      | Found a runed translucent gate.
  4945 | D:6      | Found a runed translucent gate.
  4949 | D:6      | Noticed Geeful's ghost (novice OpDe)
  4966 | D:6      | Reached XP level 8. HP: 70/70 MP: 7/7
  5072 | D:6      | Found a broken altar of Ashenzari.
  5345 | D:6      | Found a shadowy altar of Dithmenos.
  5369 | D:6      | Noticed Sigmund
  5387 | D:6      | Killed Sigmund
  5627 | D:6      | Found a glowing silver altar of Zin.
  5641 | D:6      | Identified the +10 broad axe "Syfetzan" {freeze, rElec
                  | rPois rC+++ Will-}
  5641 | D:6      | Identified the +1 chain mail of the Eagle {rN++ Will- Dex+4
                  | Stlth+}
  5692 | D:6      | Found a stormy altar of Qazlal.
  5765 | D:7      | Found a flagged portal.
  5777 | Bailey   | Entered a bailey
  5838 | Bailey   | Noticed an orc knight
  5848 | Bailey   | Killed an orc knight
  6013 | Bailey   | Noticed an orc knight
  6030 | Bailey   | Killed an orc knight
  6031 | Bailey   | Reached skill level 5 in Slings
  6031 | Bailey   | Reached skill level 1 in Shields
  6031 | Bailey   | Reached XP level 9. HP: 27/79 MP: 8/8
  6294 | Bailey   | Found a bloodstained altar of Trog.
  6840 | D:7      | Noticed vykuza's ghost (novice GrHu)
  6841 | D:7      | Found a bloodstained altar of Trog.
  6841 | D:7      | Identified the +1 short sword of Debt {vorpal, Int+5}
  6841 | D:7      | Noticed a moth of wrath
  6851 | D:7      | Found a transporter.
  6864 | D:7      | Identified the cursed +3 mace of Cocytus {antimagic, rPois
                  | rN+}
  6864 | D:7      | Noticed a tengu warrior
  6947 | D:7      | Noticed Pikel
  6956 | D:7      | Killed Pikel
  6957 | D:7      | Reached skill level 10 in Maces & Flails
  7024 | D:7      | Found a transporter.
  7131 | D:8      | Noticed Psyche
  7132 | D:8      | Reached **** piety under Trog
  7141 | D:8      | Killed Psyche
  7142 | D:8      | Reached skill level 2 in Shields
  7280 | D:8      | Noticed a two-headed ogre
  7292 | D:8      | Killed a two-headed ogre
  7293 | D:8      | Reached XP level 10. HP: 40/91 MP: 9/9
  7505 | D:8      | Noticed Maurice
  7604 | D:8      | Killed Maurice
  7741 | D:8      | Noticed a two-headed ogre
  7753 | D:8      | Killed a two-headed ogre
  7754 | D:8      | Reached skill level 10 in Fighting
  7800 | D:8      | Noticed a moth of wrath
  7807 | D:8      | Reached skill level 5 in Throwing
  7850 | D:8      | Found a transporter.
  7853 | D:8      | Noticed nimbus123's ghost (novice DDHu)
  7867 | D:8      | Found a transporter.
  8146 | D:8      | Found Loihygey's General Store.
  8154 | D:8      | Bought a scroll of teleportation for 39 gold pieces
  8154 | D:8      | Bought a scroll of enchant weapon for 97 gold pieces
  8154 | D:8      | Bought a scroll of remove curse for 39 gold pieces
  8402 | D:9      | Reached XP level 11. HP: 91/101 MP: 10/10
  8971 | D:9      | Reached skill level 1 in Axes
  9232 | D:9      | Found a sacrificial altar of Ru.
  9996 | D:5      | Bought a scroll of teleportation for 42 gold pieces
  9996 | D:5      | Bought a scroll of holy word for 105 gold pieces
  9996 | D:5      | Bought a scroll of magic mapping for 49 gold pieces
 10207 | D:6      | Found a roughly hewn altar of Beogh.
 10224 | D:6      | Killed Geeful's ghost
 10579 | D:10     | Entered Level 10 of the Dungeon
 10788 | D:10     | Noticed a death yak
 10789 | D:10     | Noticed a death yak
 10793 | D:10     | Noticed a death yak
 10800 | D:10     | Killed a death yak
 10804 | D:10     | Killed a death yak
 10805 | D:10     | Reached skill level 5 in Axes
 10813 | D:10     | Killed a death yak
 10996 | D:10     | Found a staircase to the Lair.
 11586 | D:11     | Noticed a purple ugly thing
 11594 | D:11     | Killed a purple ugly thing
 11638 | D:11     | Noticed an eight-headed hydra
 11647 | D:11     | Killed an eight-headed hydra
 11913 | D:11     | Reached XP level 12. HP: 92/112 MP: 11/11
 11918 | D:11     | Reached skill level 10 in Axes
 12274 | D:11     | Found a staircase to the Orcish Mines.
 12501 | D:12     | Reached ***** piety under Trog
 12612 | D:12     | You fall into a shaft and drop 1 floor!
 12796 | D:13     | Reached skill level 3 in Shields
 12844 | D:13     | Reached skill level 4 in Shields
 13074 | D:13     | Reached skill level 5 in Shields
 13324 | D:13     | Reached skill level 6 in Shields
 13553 | D:13     | Reached skill level 10 in Armour
 13880 | D:13     | Reached skill level 7 in Shields
 13887 | D:13     | Noticed a six-headed hydra
 13895 | D:13     | Killed a seven-headed hydra
 13896 | D:13     | Reached skill level 1 in Crossbows
 14019 | D:13     | Found a gate to the Vaults.
 14192 | D:13     | Reached XP level 13. HP: 119/119 MP: 12/12
 14622 | D:12     | Reached XP level 14. HP: 127/127 MP: 13/13
 15451 | Lair:1   | Entered Level 1 of the Lair of Beasts
 15752 | Lair:1   | Reached skill level 8 in Shields
 15857 | Lair:1   | Received a gift from Trog
 16805 | Lair:2   | Noticed Nergalle
 16814 | Lair:2   | Killed Nergalle
 16925 | Lair:2   | Noticed Maggie
 16940 | Lair:2   | Killed Maggie
 17009 | Lair:2   | Found a staircase to the Swamp.
 17028 | Lair:2   | Reached skill level 1 in Polearms
 17028 | Lair:2   | Reached skill level 9 in Shields
 17928 | Lair:3   | Found a runed translucent gate.
 17928 | Lair:3   | Found a runed translucent gate.
 17928 | Lair:3   | Found a runed translucent gate.
 18171 | Lair:3   | Noticed Qelex's ghost (journeyman HuHu)
 18380 | Lair:4   | Noticed Nessos
 18412 | Lair:4   | Killed Nessos
 18513 | Lair:4   | Found a frozen archway.
 18530 | IceCv    | Entered an ice cave
 18647 | IceCv    | Reached skill level 10 in Shields
 19023 | IceCv    | Noticed a frost giant
 19035 | IceCv    | Killed a frost giant
 19035 | IceCv    | Received a gift from Trog
 19126 | IceCv    | Got a brightly glowing halberd
 19132 | IceCv    | Identified the +5 halberd of Tension {spect, Dex+3} (You
                  | found it in an ice cave)
 19216 | IceCv    | Reached skill level 11 in Shields
 19408 | Lair:4   | Noticed Snorg
 19427 | Lair:4   | Killed Snorg
 19429 | Lair:4   | Reached skill level 12 in Shields
 19821 | Lair:4   | Found a staircase to the Snake Pit.
 19839 | Snake:1  | Entered Level 1 of the Snake Pit
 19846 | Snake:1  | Found Zuigyo Qookh's Magic Scroll Shoppe.
 19944 | Snake:1  | Bought a scroll of remove curse for 42 gold pieces
 19944 | Snake:1  | Bought a scroll of enchant armour for 105 gold pieces
 19944 | Snake:1  | Bought a scroll of enchant armour for 105 gold pieces
 19944 | Snake:1  | Bought a scroll of identify for 28 gold pieces
 19944 | Snake:1  | Bought a scroll of enchant weapon for 105 gold pieces
 19944 | Snake:1  | Bought a scroll of identify for 28 gold pieces
 20166 | Snake:1  | Found Woshrer's Antique Armour Boutique.
 20364 | Snake:1  | Reached skill level 13 in Shields
 20378 | Snake:1  | Reached XP level 15. HP: 120/134 MP: 14/14
 20722 | Snake:1  | Found Lyizivv Moil's Jewellery Emporium.
 20722 | Snake:1  | Found Laafos's Gadget Boutique.
 20723 | Snake:1  | Found Wiaseikke's Jewellery Emporium.
 20734 | Snake:1  | Bought the ring of Touth {+Fly Str+5 Int+3} for 495 gold
                  | pieces
 21074 | Snake:2  | Reached skill level 14 in Shields
 21129 | Snake:2  | Noticed a nagaraja
 21149 | Snake:2  | Killed a nagaraja
 21515 | Snake:2  | Reached skill level 15 in Shields
 21521 | Snake:2  | Noticed Asterion
 21546 | Snake:2  | Gained mutation: You evolve. [a cacodemon]
 21763 | Snake:2  | Killed Asterion
 21967 | Snake:2  | Found Leveden's General Store.
 21967 | Snake:2  | Found Voix's Book Boutique.
 21971 | Snake:2  | Found Fehadib's Antique Armour Shop.
 21976 | Snake:2  | Reached skill level 1 in Evocations
 21976 | Snake:2  | Received a gift from Trog
 22015 | Snake:2  | Bought a scroll of teleportation for 36 gold pieces
 22015 | Snake:2  | Bought a scroll of identify for 24 gold pieces
 22100 | Snake:2  | Identified Roxanne's Handbook of the Mountains
 22100 | Snake:2  | Noticed Roxanne
 22288 | Snake:3  | Found Xiorixue's Magic Scroll Shop.
 22290 | Snake:3  | Found Moshiw's Distillery.
 22290 | Snake:3  | Found Kuamuodi's Book Boutique.
 22294 | Snake:3  | Found Wyashrao's Armour Boutique.
 22940 | Snake:4  | Entered Level 4 of the Snake Pit
 23120 | Snake:4  | Noticed a nagaraja
 23131 | Snake:4  | Killed a nagaraja
 23208 | Snake:4  | Noticed a nagaraja
 23234 | Snake:4  | Killed a nagaraja
 23238 | Snake:4  | Reached XP level 16. HP: 130/144 MP: 15/15
 23244 | Snake:4  | Received a gift from Trog
 23296 | Snake:3  | Gained mutation: You occasionally shout uncontrollably at
                  | your foes. [evolution]
 23878 | Snake:4  | Reached skill level 5 in Evocations
 24442 | Snake:4  | Reached skill level 5 in Polearms
 24569 | Snake:4  | Got a serpentine rune of Zot
 24815 | Snake:4  | Reached skill level 5 in Dodging
 25946 | Lair:5   | Received a gift from Trog
 26199 | Lair:6   | Entered Level 6 of the Lair of Beasts
 26247 | Lair:5   | HP: 5/147 [seven-headed hydra (9)]
 26247 | Lair:5   | Slain by a seven-headed hydra

Illustrated notes

Levels and vault maps discovered:
D:1:      scummos_arrival_star, layout_basic
D:2:      layout_basic, overflow_temple_1_default, minitemple
D:3:      layout_basic, ebering_ghost_sewer_f,
          amcnicky_mini_rare_corridor_liquid, led_sif_pool
D:4:      layout_loops_ring, vehumet_statue, minmay_temple_entry_large_hall,
          serial_park_tiny_pond, tgw_trog, uniq_menkaure,
          uniq_crazy_yiuf_cottage, uniq_blork_the_orc
D:5:      layout_basic, serial_shops, shop, shop, shop_fountains, shop, shop,
          minmay_puff
D:6:      layout_layer_cave, nicolae_ashenzari_panopticon,
          kennysheep_little_box, overflow_temple_1_default,
          nicolae_dithmenos_through_a_glass_darkly, general_overflow_altar,
          grunt_temple_overflow_diamond, biasface_ghost_orc_armoury,
          uniq_sigmund
D:7:      layout_loops_ring, gammafunk_ghost_wrathful_warriors, enter_bailey_8,
          uniq_pikel
D:8:      layout_cave_pools, gammafunk_ghost_berserking_beasts, serial_glass,
          glass_columns_a, glass_columns_b, st_stairs_11,
          kennysheep_windowed_goal, uniq_maurice, uniq_psyche
D:9:      layout_cave_pools, nicolae_ru_path_of_blood
D:10:     layout_basic, dpeg_lair_monsters
D:11:     layout_rooms, erik_orc_4
D:12:     layout_stronghold
D:13:     layout_irregular_city, erik_vaults_1
Lair:1:   layout_cave_pods
Lair:2:   layout_loops_ring, minmay_swamp_entry_wisps, uniq_nergalle,
          uniq_maggie
Lair:3:   layout_regular_city, gammafunk_ghost_icy, grunt_megastairs_2
Lair:4:   layout_layer_cave, guppyfry_snake_entry_island,
          nicolae_volcano_entry_hallway, portal_ice_cave_entry_pillars_2,
          st_stairs_4, lemuel_old_faithful, uniq_snorg, uniq_nessos
Lair:5:   layout_regular_city
Lair:6:   gammafunk_lair_ancient_temple, layout_cave_shapes, slime_dummy,
          chequers_serial_rivers_small_a
Snake:1:  layout_chambers, serial_shops, shop, nicolae_shop_overgrown_old_shop,
          minmay_shop_grove
Snake:2:  layout_onion_interference, minmay_shop_star, grunt_megastairs_5,
          uniq_asterion, uniq_roxanne
Snake:3:  layout_misc_corridors, minmay_shoptagon
Snake:4:  minmay_snake_end_coiled, layout_cave_town

Skill      XL: |  1  2  3  4  5  6  7  8  9 10 11 12 13 14 15 16 |
---------------+-------------------------------------------------+-----
Fighting       | 4 5 6 7 9 10 12 13 14 | 14.5
Maces & Flails | 4 5 6 7 9 10 12 | 12.3
Armour         | 3 4 5 6 7 10 12 13 14 | 14.2
Slings         | 1 2 3 5 6 |  6.4
Throwing       | 1 2 4 6 |  6.0
Dodging        | 3 4 5 |  5.7
Shields        | 1 2 7 13 15 | 15.4
Axes           | 9 11 12 13 | 13.4
Crossbows      | 7 8 |  8.8
Polearms       | 4 6 |  6.1
Evocations     | 4 5 |  5.3

Action                   |  1- 3 |  4- 6 |  7- 9 | 10-12 | 13-15 | 16-18 || total
-------------------------+-------+-------+-------+-------+-------+-------++-------
Melee: Mace              |   101 |    58 |   148 |   176 |     3 |       ||   486
       Headbutt          |     8 |    12 |    31 |    78 |   162 |    59 ||   350
       Broad axe         |       |       |       |   219 |   569 |   220 ||  1008
       Halberd           |       |       |       |       |     8 |       ||     8
 Fire: Hunting sling     |     3 |    15 |    47 |    78 |       |       ||   143
       Arbalest          |       |       |       |       |    72 |       ||    72
Throw: Javelin           |       |    20 |    39 |    26 |    32 |     7 ||   124
       Stone             |       |       |     1 |     4 |     1 |       ||     6
       Dart              |       |       |     2 |    36 |    11 |     3 ||    52
Invok: Berserk           |     1 |     2 |     2 |     7 |    10 |     2 ||    24
       Trog's Hand       |       |     4 |     3 |    15 |    10 |     1 ||    33
       Brothers in Arms  |       |       |       |     2 |     2 |     1 ||     5
Evoke: Wand              |       |       |       |     4 |     3 |     3 ||    10
       Phantom mirror    |       |       |       |       |     1 |       ||     1
       Tin of tremorston |       |       |       |       |     1 |       ||     1
  Use: Scroll            |       |     7 |     5 |     7 |     8 |     1 ||    28
       Potion            |       |       |     3 |     7 |     7 |     2 ||    19
 Stab: Invisible         |       |       |       |     1 |       |       ||     1
Armor: Animal skin       |     8 |       |       |       |       |       ||     8
       Ring mail         |    32 |    10 |    55 |    16 |       |       ||   113
       Chain mail        |       |       |       |   145 |   226 |   106 ||   477
       Plate armour      |       |       |       |    54 |       |       ||    54
Dodge: Dodged            |    87 |    30 |    98 |   225 |   212 |   112 ||   764
Block: Other             |       |       |    28 |    89 |    61 |       ||   178
       Reflection        |       |       |     5 |    10 |    86 |    40 ||   141
       Kite shield       |       |       |       |       |   426 |   324 ||   750
